 Dungeon Crawl Stone Soup version 0.27-a0-637-g3a9f0a9c12 (webtiles) character file.

Game seed: 4762023915899705572

5063 Aggronaut the Grappler (level 10, -5/88 HPs)
             Began as a Troll Monk on Mar 15, 2021.
             Was an Elder of Okawaru.
             Slain by a two-headed ogre
             ... wielding a +0 dire flail
              (12 damage)
             ... while paralysed by Maurice
             ... on level 8 of the Dungeon.
             The game lasted 00:21:34 (8502 turns).

Aggronaut the Grappler (Troll Monk)                 Turns: 8502, Time: 00:21:36

Health: -5/88      AC:  6    Str: 22    XL:     10   Next: 31%
Magic:  9/9        EV:  1    Int:  6    God:    Okawaru [****..]
Gold:   419        SH:  0    Dex: 14    Spells: 9/9 levels left

rFire    . . .     SeeInvis .     - Unarmed
rCold    . . .     Faith    .   (no shield)
rNeg     . . .     Spirit   .   a - +0 robe
rPois    .         Reflect  .   n - +1 hat
rElec    .         Harm     .   s - +0 cloak
rCorr    .         Rampage  .   (gloves unavailable)
Will     .....                  (boots unavailable)
Stlth    ++........             (no amulet)
HPRegen  1.24/turn              (no ring)
MPRegen  0.11/turn              (no ring)

@: paralysed
A: large, unfitting armour, claws 3, regeneration 1, shaggy fur 1, tough skin 1
a: Renounce Religion, Heroism


You were on level 8 of the Dungeon.
You worshipped Okawaru.
Okawaru was greatly pleased with you.
You visited 2 branches of the dungeon, and saw 9 of its levels.
You also visited: Sewer.

You collected 503 gold pieces.
You spent 84 gold pieces at shops.

Inventory:

Missiles
 k - 13 poisoned darts (quivered)
Armour
 a - a +0 robe (worn)
 n - a +1 hat (worn)
 s - a +0 cloak (worn)
Jewellery
 B - an amulet of regeneration
Wands
 z - a wand of paralysis (7)
Scrolls
 b - 3 scrolls of magic mapping {unknown}
 e - a scroll of enchant armour {unknown}
 g - 6 scrolls of teleportation
 i - 2 scrolls of immolation {unknown}
 l - a scroll of blinking {unknown}
 m - 2 scrolls of amnesia {unknown}
 o - 4 scrolls of enchant weapon {unknown}
 p - 2 scrolls of fog {unknown}
 v - a scroll of brand weapon {unknown}
 y - a scroll of summoning {unknown}
 A - a scroll of fear {unknown}
Potions
 c - 2 potions of haste
 d - 3 potions of flight
 f - 3 potions of resistance
 h - 3 potions of curing
 j - a potion of ambrosia
 q - a potion of attraction
 r - 3 potions of magic
 t - 2 potions of might
 u - a potion of heal wounds
 w - a potion of invisibility
 x - 2 potions of mutation {unknown}
 C - a potion of lignification {unknown}


   Skills:
 - Level 2.4 Fighting
 - Level 2.4 Dodging
 - Level 1.0 Stealth
 + Level 14.8 Unarmed Combat


You had 9 spell levels left.
You didn't know any spells.
Your spell library contained the following spells:

 Spells                   Type           Power      Damage    Failure   Level
 Beastly Appendage        Tmut           0%         N/A       45%         1
 Magic Dart               Conj           0%         1d3       45%         1
 Blink                    Tloc           N/A        N/A       58%         2
 Call Imp                 Summ           0%         N/A       58%         2
 Slow                     Hex            0%         N/A       58%         2
 Wereblood                Tmut           0%         N/A       58%         2
 Conjure Flame            Conj/Fire      0%         6-21      83%         3
 Mephitic Cloud           Conj/Pois/Air  0%         N/A       83%         3
 Spider Form              Tmut/Pois      0%         N/A       83%         3
 Ice Form                 Ice/Tmut       0%         N/A       99%         4
 Blade Hands              Tmut           0%         N/A       100%        5


Dungeon Overview and Level Annotations

Branches:
Dungeon (8/15)             Temple (1/1) D:5           Sewer (visited)
   Lair: D:8-11

Altars:
Ashenzari
Cheibriados
Dithmenos
Elyvilon
Fedhas
Gozag
Hepliaklqana
Kikubaaqudgha
Makhleb
Nemelex Xobeh
Okawaru
Qazlal
Ru
Sif Muna
Trog
Uskayaw
Vehumet
Wu Jian
Xom
Yredelemnul
Zin
The Shining One

Shops:
D:4 *   D:7 [   D:8 (

Annotations:
D:8 Maurice


Innate Abilities, Weirdness & Mutations

You are too large for most types of armour.
You have claws for hands.
Your natural rate of healing is unusually fast.
You are covered in fur. (AC +1)
You have tough skin. (AC +1)


Message History

You start resting.
A two-headed ogre is nearby!
A two-headed ogre is nearby!
The two-headed ogre shouts in stereo!
Maurice the Thief comes into view.
He is wielding a +0 dagger, wearing a +0 cloak of stealth and carrying a wand of paralysis (7).
Maurice shouts!
You scratch the two-headed ogre.
The two-headed ogre is lightly wounded.
You hear a shout!
You completely miss the two-headed ogre.
The two-headed ogre is lightly wounded.
The two-headed ogre closely misses you.
The two-headed ogre hits you with a +0 giant spiked club!
You mangle the two-headed ogre!!
The two-headed ogre is heavily wounded.
You scratch the two-headed ogre.
The two-headed ogre is heavily wounded.
The two-headed ogre hits you with a +0 dire flail!
The two-headed ogre hits you with a +0 giant spiked club!
You scratch the two-headed ogre.
The two-headed ogre is heavily wounded.
An orc comes into view.
The two-headed ogre hits you with a +0 dire flail!
The two-headed ogre hits you with a +0 giant spiked club!
You barely miss the two-headed ogre.
The two-headed ogre is heavily wounded.
You mangle the two-headed ogre!!
The two-headed ogre is almost dead.
Maurice hits you with a +0 dagger!
Maurice steals 2 of your 5 potions of curing!
The two-headed ogre hits you with a +0 dire flail!
* * * LOW HITPOINT WARNING * * *
The two-headed ogre closely misses you.
Maurice zaps a wand.
You suddenly lose the ability to move!
Maurice casts a spell.
Maurice blinks!
The two-headed ogre hits you with a +0 dire flail!
* * * LOW HITPOINT WARNING * * *
The two-headed ogre hits you with a +0 giant spiked club!
You die...

......#...............#......o#..
......#..<............#.......#..
......######.####....#####+####O.
......#<..##.####....#.......ho..
......+..............#..h....Fh..
......#.....†.†.....!'.......o...
.######.......†......#....###...#
.# ................#... ..h..
##.....###.@....#.. ...... ######
#..O§.@#. #...... ...........#
....... ...........o... ....
............#... .####.####### ..
## .


You could see Maurice, a two-headed ogre and an orc.

Vanquished Creatures
  A dancing weapon (D:7)
  The ghost of Allula97 the Insei, a novice DsMo of Okawaru (D:7)
  A troll (D:6)
  Sigmund (D:2)
  A wraith (D:6)
  2 wargs (D:8)
  4 black bears (D:6)
  2 orc warriors
  A sky beast (D:5)
  4 ogres
  3 centaurs
  6 bullfrogs
  A wyvern skeleton (D:6)
  A water moccasin zombie (D:6)
  2 water moccasin skeletons
  2 scorpions (D:7)
  5 killer bees (D:7)
  A howler monkey (D:7)
  A bullfrog zombie (D:7)
  4 jellies
  4 orc priests
  2 hounds (D:5)
  4 iguanas
  7 orc wizards
  Natasha (D:4)
  2 bullfrog skeletons
  4 worker ants
  A hound zombie (D:5)
  A hound skeleton (D:6)
  A worker ant zombie (D:6)
  3 gnolls (D:3)
  8 adders
  2 river rats (D:5)
  3 shadow imps
  A white imp (D:7)
  An ufetubus (D:6)
  An ooze (D:1)
  4 adder zombies
  4 worms
  A dart slug (D:1)
  5 leopard geckos
  34 orcs
  6 bats
  13 goblins
  3 hobgoblins
  7 jackals
  5 quokkas
  3 ball pythons (Sewer)
  10 frilled lizards
  15 giant cockroaches
  A giant cockroach zombie (D:6)
  A jackal skeleton (D:4)
  13 kobolds
  3 quokka skeletons
  11 rats
229 creatures vanquished.

Vanquished Creatures (others)
  17 plants (Sewer)
17 creatures vanquished.

Grand Total: 246 creatures vanquished

Notes
Turn   | Place    | Note
-------+----------+-------------------------------------------
     0 | D:1      | Aggronaut the Troll Monk began the quest for the Orb.
     0 | D:1      | Reached XP level 1. HP: 22/22 MP: 0/0
   232 | D:1      | Reached XP level 2. HP: 29/29 MP: 1/1
   456 | D:1      | Reached skill level 4 in Unarmed Combat
   616 | D:1      | Reached XP level 3. HP: 34/36 MP: 2/2
  1170 | D:2      | Found a broken altar of Ashenzari.
  1497 | D:2      | Noticed Sigmund
  1505 | D:2      | Killed Sigmund
  1506 | D:2      | Reached skill level 6 in Unarmed Combat
  1506 | D:2      | Reached XP level 4. HP: 31/44 MP: 3/3
  1506 | D:2      | Reached XP level 5. HP: 35/50 MP: 4/4
  1957 | D:3      | Reached XP level 6. HP: 59/59 MP: 5/5
  2924 | D:4      | Reached skill level 7 in Unarmed Combat
  2965 | D:4      | Found Wibleqaff's General Store.
  2974 | D:4      | Bought a scroll of teleportation for 42 gold pieces
  2974 | D:4      | Bought a potion of attraction for 42 gold pieces
  3235 | D:4      | Noticed an orc warrior
  3250 | D:4      | HP: 1/59 [orc priest/divine providence (14)]
  3323 | D:4      | Reached skill level 8 in Unarmed Combat
  3323 | D:4      | Reached XP level 7. HP: 65/66 MP: 6/6
  3362 | D:4      | Found a sparkling altar of Nemelex Xobeh.
  3382 | D:4      | Noticed Natasha
  3387 | D:4      | Killed Natasha
  3758 | D:4      | Reached skill level 9 in Unarmed Combat
  3956 | D:5      | Entered Level 5 of the Dungeon
  4080 | D:5      | Reached XP level 8. HP: 58/74 MP: 7/7
  4213 | D:5      | Found a staircase to the Ecumenical Temple.
  4264 | D:5      | Reached skill level 10 in Unarmed Combat
  4557 | D:5      | Found a glowing drain.
  4570 | Sewer    | Entered a sewer
  5397 | D:5      | Identified the +7 trident of Terra Cotta {antimagic, rElec}
  5651 | D:6      | Reached skill level 11 in Unarmed Combat
  5789 | D:6      | Found a transporter.
  5799 | D:6      | Found a transporter.
  5807 | D:6      | Found a hazy altar of Hepliaklqana.
  5808 | D:6      | Found a hide-covered altar of Uskayaw.
  5808 | D:6      | Found an ornate altar of the Wu Jian Council.
  5882 | Temple   | Entered the Ecumenical Temple
  6188 | Temple   | Became a worshipper of Warmaster Okawaru
  6188 | Temple   | Reached * piety under Okawaru
  6188 | Temple   | Reached ** piety under Okawaru
  6449 | D:6      | Reached XP level 9. HP: 78/80 MP: 8/8
  6482 | D:6      | Reached skill level 12 in Unarmed Combat
  6605 | D:6      | Noticed a troll
  6611 | D:6      | HP: 2/80 [troll (5)]
  6954 | D:6      | Killed a troll
  6954 | D:6      | Reached *** piety under Okawaru
  7104 | D:6      | Reached skill level 13 in Unarmed Combat
  7219 | D:7      | Found a stormy altar of Qazlal.
  7399 | D:7      | Found a burning altar of Makhleb.
  7763 | D:7      | Found Anet's Armour Emporium.
  7862 | D:7      | Found a runed translucent door.
  7862 | D:7      | Found a shimmering altar of Xom.
  7862 | D:7      | Noticed a +0 falchion of chaos
  7862 | D:7      | Noticed Allula97's ghost (novice DsMo)
  7865 | D:7      | Killed a +0 falchion of chaos
  7865 | D:7      | Reached **** piety under Okawaru
  7866 | D:7      | Reached skill level 14 in Unarmed Combat
  7866 | D:7      | Reached XP level 10. HP: 88/88 MP: 9/9
  7876 | D:7      | Killed Allula97's ghost
  8407 | D:8      | Noticed a two-headed ogre
  8436 | D:8      | Found Guennog's Antique Weapon Shoppe.
  8493 | D:8      | Noticed Maurice
  8501 | D:8      | Paralysed by Maurice for 2 turns
  8502 | D:8      | Slain by a two-headed ogre

Illustrated notes

Levels and vault maps discovered:
D:1:      heliophobic_arrival_glass_houses, layout_loops_corners
D:2:      layout_loops_ring, nicolae_ashenzari_panopticon, uniq_sigmund
D:3:      layout_basic
D:4:      minmay_skewed_foursquare, layout_basic, overflow_temple_1_default,
          serial_shops, shop, uniq_natasha
D:5:      layout_loops_corners, minmay_temple_entry_large_hall,
          portal_sewer_entry_e
D:6:      kennysheep_windowed_halls, layout_basic,
          gammafunk_temple_overflow_arena, moated_statue,
          chequers_serial_rivers_micro_c
D:7:      layout_basic, nicolae_qazlal_scattered_showers, ebering_ghost_xom,
          serial_shops, shop, basic_altar, kennysheep_cross_bottleneck,
          item_on_display_a
D:8:      layout_gridville, erik_lair_orcish_takeover, serial_shops,
          nicolae_shop_stone, gammafunk_ghost_gnarly_gnolls, uniq_maurice,
          uniq_prince_ribbit1
Temple:   minmay_temple_bridge_d

Skill      XL: |  1  2  3  4  5  6  7  8  9 |
---------------+----------------------------+-----
Unarmed Combat | 4 6 8 9 11 14 | 14.8
Fighting       | |  2.4
Dodging        | |  2.4
Stealth        | |  1.0

Action                   |  1- 3 |  4- 6 |  7- 9 | 10-12 || total
-------------------------+-------+-------+-------+-------++-------
Melee: Unarmed           |    99 |    99 |   365 |    42 ||   605
       Punch             |     2 |     3 |    14 |     3 ||    22
Invok: Heroism           |       |       |     1 |       ||     1
  Use: Scroll            |       |     5 |     7 |     1 ||    13
 Stab: Sleeping          |     3 |     3 |     9 |       ||    15
       Distracted        |       |       |       |     1 ||     1
Armor: Robe              |    38 |    19 |    90 |     9 ||   156
Dodge: Dodged            |    46 |    38 |   156 |    18 ||   258

Table legend: (Time is in decaauts)
 A = Elapsed time spent in this place.
 B = Non-inter-level travel time spent in this place.
 C = Inter-level travel time spent in this place.
 D = Time resting spent in this place.
 E = Time spent auto-exploring this place.
 F = Levels seen in this place.
 G = Mean time per level.
                   A        B        C        D        E       F      G
               +--------+--------+--------+--------+--------+-----+--------+
         Total |   8564 |   8027 |    537 |    433 |   5594 |  10 |  856.4 |
       Dungeon |   7352 |   6963 |    389 |    333 |   4919 |   8 |  919.0 |
        Temple |    379 |    232 |    147 |      0 |    223 |   1 |  379.0 |
         Sewer |    832 |    832 |      0 |    100 |    451 |   1 |  832.0 |
               +--------+--------+--------+--------+--------+-----+--------+

Top non-repeatable levels by time:
     D:7: 1206 daAuts
     D:6: 1116 daAuts
     D:4: 1092 daAuts
     D:3: 1092 daAuts
     D:1: 1071 daAuts
     D:5: 996 daAuts
   Sewer: 832 daAuts
     D:2: 681 daAuts
  Temple: 379 daAuts
     D:8: 94 daAuts
